 Dungeon Crawl Stone Soup version 0.28.0-53-g5a82cb258f (webtiles) character file.

Game seed: 4699177017962196994

909 safid the Cleaver (level 8, -1/60 (66) HPs)
             Began as a Hill Orc Fighter on Aug 1, 2022.
             Was a Priest of Okawaru.
             Slain by a wight
             ... wielding a +4 morningstar
              (8 damage)
             ... on level 4 of the Dungeon.
             The game lasted 00:06:57 (5279 turns).

safid the Cleaver (Hill Orc Fighter)                Turns: 5279, Time: 00:06:57

HP:   -1/60 (66)    AC:  8    Str: 21    XL:     8   Next: 8%
MP:   8/8           EV:  9    Int:  8    God:    Okawaru [***...]
Gold: 3             SH:  4    Dex: 10    Spells: 7/7 levels left

rFire   . . .      SeeInvis .   a - +0 war axe
rCold   . . .      Faith    .   c - +0 buckler
rNeg    . . .      Spirit   .   b - +0 scale mail
rPois   .          Reflect  .   r - +0 helmet
rElec   .          Harm     .   (no cloak)
rCorr   .          Rampage  .   (no gloves)
Will    .....                   (no boots)
Stlth   ..........              (no amulet)
HPRegen 0.20/turn               (no ring)
MPRegen 0.11/turn               (no ring)

@: studying Staves, drained
A: no striking features
a: Renounce Religion, Heroism


You were on level 4 of the Dungeon.
You worshipped Okawaru.
Okawaru was most pleased with you.
You visited 1 branch of the dungeon, and saw 5 of its levels.

You collected 123 gold pieces.
You spent 120 gold pieces at shops.

Inventory:

Hand Weapons
 a - a +0 war axe (weapon)
Missiles
 l - 19 poisoned darts (quivered)
Armour
 b - a +0 scale mail (worn)
 c - a +0 buckler (worn)
 r - a +0 helmet (worn)
Wands
 m - a wand of iceblast (14)
 q - a wand of digging (6)
Scrolls
 e - 2 scrolls of fog {unknown}
 f - 2 scrolls of enchant weapon {unknown}
 g - 2 scrolls of teleportation {unknown}
 h - 2 scrolls of immolation
 i - 2 scrolls of fear {unknown}
 j - 5 scrolls of identify {unknown}
 n - a scroll of noise {unknown}
 o - a scroll of holy word {unknown}
 p - a scroll of amnesia {unknown}
Potions
 d - 3 potions of might
 k - 2 potions of curing
 s - a potion of mutation {unknown}


   Skills:
 - Level 4.0 Fighting
 + Level 11.2 Axes
 - Level 4.0 Armour
 - Level 4.0 Shields


You had 7 spell levels left.
You didn't know any spells.
Your spell library contained the following spells:

 Spells                   Type           Power      Damage    Failure   Level
 Freeze                   Ice            0%         1d3       83%         1
 Frozen Ramparts          Ice            0%         1d2       99%         3
 Hailstorm                Conj/Ice       0%         3d3       100%        4


Dungeon Overview and Level Annotations

Branches:
Dungeon (5/15)
 Temple: D:4-7

Altars:
Hepliaklqana
Okawaru

Shops:
D:3 !

Annotations:
D:2 1 runed translucent door, Crazy Yiuf
D:5 Ijyb


Message History

You are too injured to fight recklessly!
You are too injured to fight recklessly!
You are too injured to fight recklessly!
You are too injured to fight recklessly!
You are too injured to fight recklessly!
You are too injured to fight recklessly!
You are too injured to fight recklessly!
You are too injured to fight recklessly!
You are too injured to fight recklessly!
You are too injured to fight recklessly!
You are too injured to fight recklessly!
You are too injured to fight recklessly!
Things that are here:
a +0 vampiric battleaxe; a +0 robe
There is a stone staircase leading up here.
The wight hits you with a +4 morningstar!
* * * LOW HITPOINT WARNING * * *
You feel drained.
* * * LOW HITPOINT WARNING * * *
You climb upwards.
There is a stone staircase leading down here.
You closely miss the wight.
The wight is severely damaged.
The wight hits you with a +4 morningstar.
* * * LOW HITPOINT WARNING * * *
Unknown command.
You feel better.
The wight hits you with a +4 morningstar.
* * * LOW HITPOINT WARNING * * *
You closely miss the wight.
The wight is severely damaged.
You block the wight's attack.
You hit the wight but do no damage.
The wight is severely damaged.
The wight hits you with a +4 morningstar.
* * * LOW HITPOINT WARNING * * *
You closely miss the wight.
The wight is severely damaged.
The wight hits you with a +4 morningstar!
You die...

........#.#.....###..##.....##.##
.......#####....###........###.#
......## #........#.......## ###
....### ##..###<.........#
....#######.###....#####..###
.....#.#.##.................#
....##................#...###
..#....####....z......#####
..##....###.....@....[.#
...#.....##.....##....##
.........#...#..##..###
...##........#.....##
...##...##.####...## ..#.......##
##### ..##..##..## ...#.###...#
..#....##..#


You could see a wight.

Vanquished Creatures
  Sigmund (D:5)
  A water moccasin (D:4)
  A centaur (D:5)
  A phantom (D:4)
  Blork the orc (D:5)
  A scorpion (D:5)
  A wight (D:5)
  A jelly (D:4)
  A gnoll shaman (D:4)
  Terence (D:3)
  An iguana (D:5)
  An orc wizard (D:3)
  Robin (D:4)
  4 gnolls (D:4)
  4 adders
  2 adder skeletons (D:4)
  3 worms
  4 dart slugs
  6 orcs
  4 bats
  6 endoplasms
  3 giant cockroaches
  10 goblins
  6 hobgoblins
  3 jackals (D:2)
  2 kobolds
  6 quokkas
  10 ball pythons
  A frilled lizard (D:1)
  5 rats
92 creatures vanquished.

Notes
Turn   | Place    | Note
-------+----------+-------------------------------------------
     0 | D:1      | safid the Hill Orc Fighter began the quest for the Orb.
     0 | D:1      | Reached XP level 1. HP: 19/19 MP: 1/1
   145 | D:1      | Reached XP level 2. HP: 27/27 MP: 2/2
   162 | D:1      | Reached skill level 3 in Axes
   547 | D:2      | Reached XP level 3. HP: 33/33 MP: 3/3
   817 | D:2      | Found a runed translucent door.
   818 | D:2      | Noticed Crazy Yiuf
   930 | D:2      | Found a faded altar of an unknown god.
   958 | D:2      | Prayed at the altar of an unknown god.
   958 | D:2      | Became a worshipper of Warmaster Okawaru
   958 | D:2      | Reached * piety under Okawaru
  1216 | D:2      | Reached XP level 4. HP: 34/40 MP: 4/4
  1288 | D:2      | Reached skill level 4 in Axes
  1645 | D:3      | HP: 2/40 [poisoned by an adder]
  2499 | D:3      | Found Gyily's Distillery.
  2511 | D:3      | Reached skill level 5 in Axes
  2520 | D:3      | Reached XP level 5. HP: 6/46 MP: 2/5
  2799 | D:3      | Bought 2 potions of curing for 60 gold pieces
  2856 | D:3      | Noticed Terence
  2863 | D:3      | Killed Terence
  3154 | D:4      | Noticed a water moccasin
  3162 | D:4      | Reached skill level 6 in Axes
  3174 | D:4      | Killed a water moccasin
  3174 | D:4      | Reached ** piety under Okawaru
  3175 | D:4      | Reached skill level 7 in Axes
  3175 | D:4      | Reached XP level 6. HP: 20/52 MP: 4/6
  3197 | D:4      | Noticed Robin
  3761 | D:4      | Killed Robin
  4015 | D:4      | Reached skill level 8 in Axes
  4181 | D:4      | Reached XP level 7. HP: 47/59 MP: 7/7
  4609 | D:5      | Entered Level 5 of the Dungeon
  4609 | D:5      | Noticed Sigmund
  4617 | D:5      | Killed Sigmund
  4618 | D:5      | Reached skill level 9 in Axes
  4675 | D:5      | Noticed Ijyb
  4686 | D:5      | Noticed Blork the orc
  4744 | D:5      | Killed Blork the orc
  4745 | D:5      | Reached skill level 10 in Axes
  5176 | D:3      | Bought a potion of curing for 30 gold pieces
  5176 | D:3      | Bought a potion of curing for 30 gold pieces
  5199 | D:5      | Found a hazy altar of Hepliaklqana.
  5237 | D:5      | Reached skill level 11 in Axes
  5237 | D:5      | Reached XP level 8. HP: 66/66 MP: 8/8
  5254 | D:5      | Reached *** piety under Okawaru
  5275 | D:4      | HP: 3/60 [wight/+4 morningstar (6)]
  5279 | D:4      | Slain by a wight

Illustrated notes

Levels and vault maps discovered:
D:1:      dpeg_arrival_simpleton_b, layout_rooms
D:2:      layout_loops_ring, hellmonk_ecumenical_altar_blasted,
          uniq_crazy_yiuf_cottage
D:3:      layout_basic, serial_shops, nicolae_shop_stone, uniq_terence
D:4:      layout_cave_pools, hangedman_glass_teeth, uniq_robin
D:5:      layout_loops_ring, nicolae_overflow_hidden_temple, uniq_blork_the_orc,
          uniq_sigmund, uniq_ijyb

Skill      XL: |  1  2  3  4  5  6  7 |
---------------+----------------------+-----
Axes           | 3 5 7 8 11 | 11.2
Fighting       | 4 |  4.0
Shields        | 4 |  4.0
Armour         | 4 |  4.0

Action                   |  1- 3 |  4- 6 |  7- 9 || total
-------------------------+-------+-------+-------++-------
Melee: War axe           |    79 |   184 |    68 ||   331
Invok: Heroism           |       |     4 |     2 ||     6
  Use: Potion            |       |     2 |     3 ||     5
Armor: Scale mail        |    37 |    90 |    18 ||   145
Dodge: Dodged            |    37 |    92 |    24 ||   153
Block: Buckler           |    19 |    45 |     9 ||    73
